 Dungeon Crawl Stone Soup version 0.28.0-53-g5a82cb258f (webtiles) character file.

Game seed: 2330875187034851388

119 MisterFreud the Covert (level 5, 0/47 HPs)
             Began as a Gnoll Delver on June 21, 2022.
             Succumbed to a scorpion's poison
             ... in an ossuary.
             The game lasted 00:01:11 (444 turns).

MisterFreud the Covert (Gnoll Delver)                Turns: 444, Time: 00:01:12

Health: 0/47       AC:  3    Str: 11    XL:     5   Next: 3%
Magic:  6/6        EV: 13    Int: 11    God:
Gold:   0          SH:  0    Dex: 14    Spells: 6/6 levels left

rFire   . . .      SeeInvis .   a - +0 short sword
rCold   . . .      Faith    .   (no shield)
rNeg    . . .      Spirit   .   b - +0 leather armour
rPois   .          Reflect  .   (no helmet)
rElec   .          Harm     .   (no cloak)
rCorr   .          Rampage  .   (no gloves)
Will    .....                   (no boots)
Stlth   ++++......              (no amulet)
HPRegen 0.15/turn               (no ring)
MPRegen 0.10/turn               (no ring)

@: lethally poisoned (0 -> -7)
A: fangs 1, strong nose, distributed training
a: no special abilities


You were in an ossuary.
You visited 1 branch of the dungeon, and saw 3 of its levels.
You also visited: Ossuary.

Inventory:

Hand Weapons
 a - a +0 short sword (weapon)
Armour
 b - a +0 leather armour (worn)
Wands
 g - a wand of digging (3)
Scrolls
 c - a scroll of fog
Potions
 f - a potion of haste


   Skills:
 + Level 6.6 Fighting
 + Level 4.7 Short Blades
 + Level 1.3 Long Blades
 + Level 1.3 Axes
 + Level 1.3 Maces & Flails
 + Level 1.3 Polearms
 + Level 1.3 Staves
 + Level 1.3 Slings
 + Level 1.3 Bows
 + Level 1.3 Crossbows
 + Level 1.3 Throwing
 + Level 1.3 Armour
 + Level 4.7 Dodging
 + Level 9.6 Stealth
 + Level 1.3 Shields
 + Level 1.3 Unarmed Combat
 + Level 1.3 Spellcasting
 + Level 1.0 Conjurations
 + Level 1.0 Hexes
 + Level 1.0 Summonings
 + Level 1.0 Necromancy
 + Level 1.0 Translocations
 + Level 1.0 Transmutations
 + Level 1.0 Fire Magic
 + Level 1.0 Ice Magic
 + Level 1.0 Air Magic
 + Level 1.0 Earth Magic
 + Level 1.0 Poison Magic
 + Level 1.4 Invocations
 + Level 1.3 Evocations


You had 6 spell levels left.
You didn't know any spells.
Your spell library was empty.

Dungeon Overview and Level Annotations

Branches:
Dungeon (6/15)            Ossuary (1/1)
 Temple: D:4-7

Altars:

Annotations:
D:4 1 transporter


Innate Abilities, Weirdness & Mutations

You have very sharp teeth.
Your uncanny sense of smell can sniff out nearby items.
Your experience applies equally to all skills.


Message History

The scorpion poisons you!
You hit the scorpion but do no damage.
The scorpion is moderately wounded.
You feel very sick. The scorpion barely misses you.
You closely miss the scorpion.
The scorpion is moderately wounded.
You feel very sick. The scorpion barely misses you.
You closely miss the scorpion.
The scorpion is moderately wounded.
You feel sick. The scorpion stings you!
You are more poisoned.
The scorpion poisons you!
You hit the scorpion.
The scorpion is moderately wounded.
You feel very sick. The scorpion barely misses you.
You hit the scorpion. Your bite misses the scorpion.
The scorpion is heavily wounded.
You feel sick. The scorpion stings you.
You barely miss the scorpion.
The scorpion is heavily wounded.
You feel very sick.
The scorpion stings you but does no damage.
You hit the scorpion.
The scorpion is heavily wounded.
You feel sick. The scorpion stings you!
* * * LOW HITPOINT WARNING * * *
You hit the scorpion.
The scorpion is severely wounded.
* * * LOW HITPOINT WARNING * * *
You feel sick.
The scorpion stings you but does no damage.
Okay, then.
Unknown command.
As you read the scroll of fear, it crumbles to dust.
You assume a fearsome visage.
The scorpion zombie is unaffected.
The scorpion looks frightened!
You die...

∆∆ ∆ ∆ ∆ ∆
#############
#...#...#...#
#.∩@sZ..8...#
#...#.......#
##'###8...8##
#...#.......#
#.∩.#...8...+
#...#...#...#
#############


You could see a scorpion (fleeing) and a scorpion zombie.

Vanquished Creatures
  An ogre (D:5)
  A hound (D:4)
  An adder (D:5)
3 creatures vanquished.

Vanquished Creatures (others)
  A plant (D:4)
1 creature vanquished.

Grand Total: 4 creatures vanquished

Notes
Turn   | Place    | Note
-------+----------+-------------------------------------------
     0 | D:5      | Reached skill level 9 in Stealth
     0 | D:5      | MisterFreud the Gnoll Delver began the quest for the Orb.
     0 | D:5      | Reached XP level 1. HP: 23/23 MP: 1/1
     1 | D:6      | Noticed a wight
     1 | D:6      | Noticed a wight
    13 | D:5      | Noticed an ogre
    20 | D:5      | Killed an ogre
    21 | D:5      | Reached skill level 1 in Long Blades
    21 | D:5      | Reached skill level 1 in Axes
    21 | D:5      | Reached skill level 1 in Maces & Flails
    21 | D:5      | Reached skill level 1 in Polearms
    21 | D:5      | Reached skill level 1 in Staves
    21 | D:5      | Reached skill level 1 in Slings
    21 | D:5      | Reached skill level 1 in Bows
    21 | D:5      | Reached skill level 1 in Crossbows
    21 | D:5      | Reached skill level 1 in Throwing
    21 | D:5      | Reached skill level 1 in Armour
    21 | D:5      | Reached skill level 1 in Shields
    21 | D:5      | Reached skill level 1 in Unarmed Combat
    21 | D:5      | Reached skill level 1 in Spellcasting
    21 | D:5      | Reached skill level 1 in Invocations
    21 | D:5      | Reached skill level 1 in Evocations
    21 | D:5      | Reached XP level 2. HP: 29/29 MP: 1/3
    21 | D:5      | Reached XP level 3. HP: 35/35 MP: 1/4
    21 | D:5      | Reached XP level 4. HP: 41/41 MP: 1/5
    51 | D:5      | Reached skill level 1 in Conjurations
    51 | D:5      | Reached skill level 1 in Hexes
    51 | D:5      | Reached skill level 1 in Summonings
    51 | D:5      | Reached skill level 1 in Necromancy
    51 | D:5      | Reached skill level 1 in Translocations
    51 | D:5      | Reached skill level 1 in Transmutations
    51 | D:5      | Reached skill level 1 in Fire Magic
    51 | D:5      | Reached skill level 1 in Ice Magic
    51 | D:5      | Reached skill level 1 in Air Magic
    51 | D:5      | Reached skill level 1 in Earth Magic
    51 | D:5      | Reached skill level 1 in Poison Magic
   119 | D:5      | Noticed a yak
   119 | D:5      | Noticed a yak
   188 | D:4      | Reached XP level 5. HP: 16/47 MP: 6/6
   208 | D:4      | Noticed a small abomination
   213 | D:4      | Found a transporter.
   217 | D:4      | Found a sand-covered staircase.
   221 | Ossuary  | Entered an ossuary
   443 | Ossuary  | HP: 2/47 [poisoned by a scorpion]
   444 | Ossuary  | Succumbed to a scorpion's poison

Illustrated notes

Levels and vault maps discovered:
D:4:      layout_rooms, grunt_temple_overflow_octagram,
          nicolae_wu_jian_wuxing_cycle, nicolae_ossuary_entry_false_entrances,
          gammafunk_ghost_abyssal_escape, serial_bayou, serial_bayou_crossing,
          serial_bayou_pond_a, serial_bayou_lagoon_b, serial_bayou_pond_b,
          minmay_misc_feat_enclosed
D:5:      cheibrodos_barr_body, layout_loops_ring
D:6:      layout_gridville, minmay_temple_entry_from_below_a, uniq_maggie
Ossuary:  ossuary_minmay_scorpions

Skill      XL: |  1  2  3  4 |
---------------+-------------+-----
Stealth        | |  9.6
Long Blades    | 1 |  1.3
Axes           | 1 |  1.3
Maces & Flails | 1 |  1.3
Polearms       | 1 |  1.3
Staves         | 1 |  1.3
Slings         | 1 |  1.3
Bows           | 1 |  1.3
Crossbows      | 1 |  1.3
Throwing       | 1 |  1.3
Armour         | 1 |  1.3
Shields        | 1 |  1.3
Unarmed Combat | 1 |  1.3
Spellcasting   | 1 |  1.3
Invocations    | 1 |  1.4
Evocations     | 1 |  1.3
Conjurations   | 1 |  1.0
Hexes          | 1 |  1.0
Summonings     | 1 |  1.0
Necromancy     | 1 |  1.0
Translocations | 1 |  1.0
Transmutations | 1 |  1.0
Fire Magic     | 1 |  1.0
Ice Magic      | 1 |  1.0
Air Magic      | 1 |  1.0
Earth Magic    | 1 |  1.0
Poison Magic   | 1 |  1.0
Fighting       | |  6.6
Short Blades   | |  4.7
Dodging        | |  4.7

Action                   |  1- 3 |  4- 6 || total
-------------------------+-------+-------++-------
Melee: Short sword       |     1 |    34 ||    35
       Punch             |       |     3 ||     3
       Bite              |       |     2 ||     2
  Use: Scroll            |       |     2 ||     2
 Stab: Sleeping          |     1 |     2 ||     3
Armor: Leather armour    |       |     9 ||     9
Dodge: Dodged            |       |    37 ||    37
